Unix NetHack Version 3.7.0-62 Work-in-progress - last build Jul 28 2022 13:16:13 (fa1900a510e1234d4e439e3ee6f0a2b6b261bf5e,branch:master). Game began 2022-07-31 20:37:36, ended 2022-08-01 00:02:15. Moult, chaotic male elven Ranger ------- |..|..----- ----------------.........| |j)....[.........-...|...| |.------------.....-.---.| |.........| --.|........| |.........| |.--..----.| |.........| |..|.......| |.........| |-.........| |....<....| |.00|...|0.| |.........| |.-.-----..| |.........| |..........| |.........| -------->0-- ----------- ---- Moult the Trailblazer St:17 Dx:13 Co:15 In:13 Wi:14 Ch:7 Chaotic S:3258 Dlvl:6 $:0 HP:0(39) Pw:38(38) AC:-4 Xp:6/580 T:6346 Latest messages: The 1st elven arrow hits the Uruk-hai! The 2nd elven arrow hits the Uruk-hai. The Uruk-hai thrusts her crude short sword. The Uruk-hai just misses! What do you want to ready? [- ckuwF or ?*] c c - 50 blessed +2 elven arrows (in quiver). In what direction? h You kill the Uruk-hai! In what direction? h You shoot 2 elven arrows. The 1st elven arrow misses the yeti. The 2nd elven arrow hits the yeti! In what direction? h The elven arrow hits the yeti! In what direction? h The elven arrow misses the yeti. In what direction? h You shoot 3 elven arrows. The 1st elven arrow hits the yeti! The 2nd elven arrow hits the yeti! You kill the yeti! d - 2 blessed +0 elven arrows. You see here 2 blessed +0 elven arrows. Sirius eats an Uruk-hai corpse. d - 2 blessed +0 elven arrows (4 in total). You see here 2 blessed +2 elven arrows. c - 2 blessed +2 elven arrows (in quiver) (44 in total). You see here a blessed +2 elven arrow. c - a blessed +2 elven arrow (in quiver) (45 in total). You hit the lichen. You kill the lichen! You see here a blessed +2 elven arrow. The ochre jelly engulfs you! You are covered in slime! It burns! You hit the ochre jelly. You are splashed by the ochre jelly's acid! You hit the ochre jelly. You hit the ochre jelly. You hit the ochre jelly. You are splashed by the ochre jelly's acid! You hit the ochre jelly. You hit the ochre jelly. You are covered in slime! It burns! You die... Do you want your possessions identified? y Do you want to see your attributes? y Do you want an account of creatures vanquished? y Do you want a list of species genocided? y Do you want to see your conduct and achievements? y Do you want to see the dungeon overview? y Major events: Turn 1: Moult the chaotic male elven Ranger entered the dungeon 503: performed his first genocide (large mimics) 1142: attained the rank of Lookout (level 3) 1463: entered the Gnomish Mines 4430: entered Sokoban 4747: attained the rank of Trailblazer (level 6) 5387: completed sokoban 1 6223: completed sokoban 2 6346: killed by an ochre jelly Inventory: Weapons c - 45 blessed +2 elven arrows (in quiver) d - 4 blessed +0 elven arrows b - a +1 elven bow (weapon in hand) u - 10 +0 darts k - a blessed +1 dagger w - a +0 dagger (alternate weapon; not wielded) F - a +0 silver dagger Armor h - an uncursed +0 orcish helm (being worn) l - an uncursed +0 pair of iron shoes (being worn) e - an uncursed +2 elven cloak (being worn) K - an uncursed +1 banded mail (being worn) Comestibles o - an uncursed banana L - an uncursed carrot f - 2 uncursed lembas wafers t - an uncursed tripe ration Scrolls A - 2 blessed scrolls of blank paper E - 3 uncursed scrolls of blank paper C - a cursed scroll of blank paper B - an uncursed scroll of create monster I - a cursed scroll of enchant weapon Potions D - a blessed potion of confusion n - an uncursed potion of fruit juice M - a blessed potion of hallucination O - 5 uncursed potions of object detection P - an uncursed potion of speed Rings J - a blessed +2 ring of increase damage j - an uncursed +1 ring of protection named !C (on right hand) Wands a - a wand of magic missile (0:2) Gems/Stones i - an uncursed worthless piece of violet glass named geno large mimic, 502 Moult the Ranger's attributes: Background: You were a Trailblazer, a level 6 male elven Ranger. You were chaotic, on a mission for Mars who was opposed by Mercury (lawful) and Venus (neutral). You were in Sokoban, on level 6. You entered the dungeon 6346 turns ago. It was the midnight hour. You had 580 experience points, 60 more were needed to attain level 7. Your score was 3258 before end-of-game adjustments. Basics: You had 0 out of 39 hit points. You had all 38 energy points (spell power). Your armor class was -4. Your wallet was empty. Autopickup was off. Final Characteristics: Your strength was 17 (limit:18). Your dexterity was 13 (limit:18). Your constitution was 15 (limit:16). Your intelligence was 13 (limit:20). Your wisdom was 14 (limit:20). Your charisma was 7 (limit:18). Final Status: You were engulfed by an ochre jelly. You were not hungry. You were unencumbered. You were wielding a bow. You had basic skill with bow and could have enhanced that. Final Attributes: You were piously aligned. You were sleep resistant. You had automatic searching. You had infravision. You were stealthy. You had a small defense bonus (+1). You were guarded. You are dead. Miscellaneous: You never encountered a bones level. Total elapsed playing time was 2 hours, 10 minutes and 24 seconds. Vanquished creatures: a ghost a large mimic a carnivorous ape 4 wolves a winter wolf cub a leprechaun a vampire bat a dwarf mummy an owlbear a yeti a lizard 2 jaguars a dwarf leader a blue jelly a white unicorn a fire ant 3 wood nymphs 3 water nymphs 2 mountain nymphs 2 Uruk-hai 2 rock moles a pony a fog cloud 2 yellow lights a shrieker a violet fungus a kobold mummy 2 ghouls a straw golem 2 paper golems 2 floating eyes a dwarf a homunculus a kobold leader 2 kobold shamans 3 rothes a rabid rat 2 giant bats a monkey a dwarf zombie a wererat 2 werejackals 3 iguanas an acid blob a coyote 3 gas spores a hobbit 3 manes a large kobold a hobgoblin a giant rat a cave spider a brown mold a yellow mold a green mold a gnome a gnome zombie a gecko a jackal 3 foxes a kobold 3 goblins 2 sewer rats 5 grid bugs 4 lichens 3 kobold zombies 7 newts 113 creatures vanquished. Genocided species: large mimics 1 species genocided. Voluntary challenges: You read items or engraved 24 times. You engraved Elbereth 16 times. You genocided 1 type of monster. You never polymorphed an object. You never changed form. You used no wishes. You did not violate any of the special Sokoban rules. Achievements: You entered a shop. You attained the rank of Lookout. You entered the Gnomish Mines. You entered Sokoban. You attained the rank of Trailblazer. The Dungeons of Doom: levels 1 to 9 Level 1: An altar, some fountains. Level 2: A general store, a fountain. Level 3: "vault" A fountain. Level 4: "vault" Stairs down to The Gnomish Mines. Level 5: An altar. Level 6: "vault" Level 7: Many fountains. Oracle of Delphi. Level 8: Stairs up to Sokoban, level 7. Level 9: The Gnomish Mines: Level 5: Sokoban: levels 7 up to 6 Level 6: <- You were here. Solved. Final resting place for you, killed by an ochre jelly. Level 7: Solved. Game over: ---------- / \ / REST \ / IN \ / PEACE \ / \ | Moult | | 0 Au | | killed by an | | ochre jelly | | | | | | 2022 | *| * * * | * _________)/\\_//(\/(/\)/\//\/|_)_______ Goodbye Moult the Ranger... You died in Sokoban on dungeon level 6 with 3258 points, and 0 pieces of gold, after 6346 moves. You were level 6 with a maximum of 39 hit points when you died.